 Dungeon Crawl Stone Soup version 0.31-a0-202-g547052bce9 (webtiles) character file.

Game seed: 15092176925837544726

350 qw the Skirmisher (level 6, -2/34 HPs)
             Began as a Deep Elf Hunter on June 26, 2023.
             Killed from afar by Ijyb (14 damage)
             ... with an iceblast
             ... on level 3 of the Dungeon.
             The game lasted 00:01:06 (2039 turns).

qw the Skirmisher (Deep Elf Hunter)                 Turns: 2039, Time: 00:01:07

Health: -2/34      AC:  5    Str: 10    XL:     6   Next: 33%
Magic:  8/8        EV: 11    Int: 14    God:
Gold:   98         SH:  0    Dex: 18    Spells: 5/5 levels left

rFire   + . .        Y - +0 shortbow
rCold   . . .        (shield currently unavailable)
rNeg    . . .        k - +0 ring mail
rPois   .            (no helmet)
rElec   .            (no cloak)
rCorr   +            (no gloves)
SInv    .            (no boots)
Will    .....        (no amulet)
Stlth   +            b - ring of protection from fire
HPRegen 0.25/turn    e - ring of resist corrosion
MPRegen 0.11/turn

%: no passive effects
@: no status effects
A: no striking features
a: no special abilities


You were on level 3 of the Dungeon.
You visited 1 branch of the dungeon, and saw 4 of its levels.

You collected 98 gold pieces.


   Skills:
 + Level 1.6 Fighting
 - Level 10.1 Ranged Weapons
 - Level 2.4 Dodging
 - Level 1.2 Stealth


You had 5 spell levels left.
You didn't know any spells.
Your spell library was empty.

Inventory:

Hand Weapons
 Y - a +0 shortbow (weapon)
Armour
 h - a +0 helmet
 k - a +0 ring mail (worn)
Jewellery
 b - a ring of protection from fire (left hand)
 e - a ring of resist corrosion (right hand)
Potions
 a - a potion of cancellation {unknown}
 d - a potion of invisibility {unknown}
 f - a potion of curing
 g - a potion of berserk rage {unknown}

Dungeon Overview and Level Annotations

Branches:
Dungeon (4/15)
 Temple: D:4-7

Altars:

Annotations:
D:3 Ijyb


Message History

Enter note:
Enter note:
Enter note:
Enter note:
2024 ||| FLEEEEING.
Things that are here:
a +0 leather armour; a +0 mace
2025 ||| STILL FLEEEEING.
2026 ||| STILL FLEEEEING.
Things that are here:
a +0 robe; a +0 dagger; a +1 dagger of speed
2027 ||| STILL FLEEEEING.
2028 ||| STILL FLEEEEING.
2029 ||| STILL FLEEEEING.
2030 ||| STILL FLEEEEING.
Enter note:
Enter note:
Enter note:
Enter note:
Enter note:
Enter note:
2031 ||| STILL FLEEEEING.
2032 ||| STILL FLEEEEING.
Enter note:
Enter note:
Enter note:
Enter note:
Enter note:
Enter note:
2033 ||| STILL FLEEEEING.
You start resting.
Ijyb is nearby!
You shoot an arrow. The arrow hits Ijyb but does no damage.
Ijyb zaps a wand.
The mass of ice explodes!
The iceblast engulfs you.
You shoot an arrow. The arrow hits Ijyb!
Ijyb is moderately wounded.
You shoot an arrow. The arrow hits Ijyb but does no damage.
Ijyb is moderately wounded.
Ijyb zaps a wand.
The mass of ice explodes!
The iceblast engulfs you!
You die...

%#.#..####.##.###. # #.# ......#
#.# # #..# ##.## ......# #.#.
#.. #...# ....#.# #.#.# #.. ...
.##.#.# #.# .###..# ... .##.#<#
#.## ...#.# #.# .##.#.#
#..###.##.# #.#
###.#.####.#.##.##.#### #.#
##..)..[.[###g..@.....###.####.#
##..#.####>#.##.##.............#
##..#)## ##.###.#####.###.####.#
##.....# #.# #.# #.# #.#
##..#.## #.# ..# #.###.####.#
....### #.. .######.#........#
.g..# ###.. ...>..)...######
...## .# ......#.### ####
.######.#


You could see Ijyb.

Vanquished Creatures
  Grinder (D:3)
  A hound (D:3)
  An orc wizard (D:3)
  A gnoll (D:1)
  2 ufetubi (D:4)
  2 worms (D:2)
  A dart slug (D:1)
  5 orcs (D:3)
  6 endoplasms
  4 giant cockroaches
  5 goblins
  6 hobgoblins
  5 jackals (D:1)
  5 quokkas
  8 ball pythons
  4 bats
  6 frilled lizards
  11 kobolds
  6 rats
80 creatures vanquished.

Notes
Turn   | Place    | Note
-------+----------+-------------------------------------------
     0 | D:1      | qw the Deep Elf Hunter began the quest for the Orb.
     0 | D:1      | Reached XP level 1. HP: 12/12 MP: 3/3
     0 | D:1      | 0 ||| qw: Version: 0.3-a-22-g0ed2b0b
     0 | D:1      | 0 ||| qw: Game counter: 6235
     0 | D:1      | 0 ||| qw: Melee chars always use a shield: true
     0 | D:1      | 0 ||| qw: God list: Okawaru
     0 | D:1      | 0 ||| qw: Allow faded altars: false
     0 | D:1      | 0 ||| qw: Do Orc after clearing Dungeon:15 true
     0 | D:1      | 0 ||| qw: Do second Lair branch before Depths: true
     0 | D:1      | 0 ||| qw: Lair rune preference: random
     0 | D:1      | 0 ||| qw: Goals: Normal
     0 | D:1      | 0 ||| PLANNING D:1-11
   187 | D:1      | Reached XP level 2. HP: 16/16 MP: 4/4
   205 | D:1      | Reached skill level 6 in Ranged Weapons
   234 | D:1      | 234 ||| FLEEEEING.
   235 | D:1      | 235 ||| FLEEEEING.
   236 | D:1      | 236 ||| FLEEEEING.
   237 | D:1      | 237 ||| FLEEEEING.
   238 | D:1      | 238 ||| FLEEEEING.
   239 | D:1      | 239 ||| FLEEEEING.
   240 | D:1      | 240 ||| FLEEEEING.
   241 | D:1      | 241 ||| FLEEEEING.
   242 | D:1      | 242 ||| FLEEEEING.
   420 | D:1      | Reached XP level 3. HP: 19/20 MP: 5/5
   672 | D:1      | 672 ||| UPGRADING to +0 scale mail.
   682 | D:1      | 682 ||| DROPPING +0 leather armour.
   683 | D:1      | 683 ||| UPGRADING to +0 ring mail.
   693 | D:1      | 693 ||| DROPPING +0 scale mail.
   694 | D:1      | 694 ||| READING scroll labelled EQUXTO KEIXYJAQ.
   732 | D:1      | 732 ||| READING scroll labelled DIMAOZXIUSS.
   733 | D:1      | 733 ||| READING scroll labelled GISMAN WUHISUE.
   734 | D:1      | 734 ||| READING scroll labelled QAOTEL HAFOANOMO.
   735 | D:1      | 735 ||| READING scroll labelled WEARIC RUNN.
   736 | D:1      | 736 ||| DROPPING scroll of butterflies.
   785 | D:2      | Reached skill level 7 in Ranged Weapons
  1043 | D:2      | Identified the +7 chain mail of Unreason {Regen+ rCorr
                  | Str+2}
  1076 | D:2      | Reached XP level 4. HP: 25/25 MP: 6/6
  1387 | D:2      | 1387 ||| UPGRADING to ring of protection from fire.
  1388 | D:2      | 1388 ||| READING scroll labelled KUIWNO GUTTA.
  1389 | D:2      | 1389 ||| DRINKING 2 fizzy inky potions.
  1585 | D:3      | Reached skill level 8 in Ranged Weapons
  1628 | D:3      | You fall into a shaft and drop 1 floor!
  1707 | D:4      | 1707 ||| UPGRADING to ring of resist corrosion.
  1708 | D:4      | 1708 ||| DRINKING 2 inky potions.
  1749 | D:3      | Reached XP level 5. HP: 27/29 MP: 7/7
  1831 | D:3      | Noticed Grinder
  1841 | D:3      | HP: 7/29 [Grinder (4)]
  1842 | D:3      | 1842 ||| DRINKING 2 potions of heal wounds.
  1842 | D:3      | Paralysed by Grinder for 5 turns
  1847 | D:3      | HP: 6/29 [Grinder (3)]
  1848 | D:3      | 1848 ||| DRINKING potion of heal wounds.
  1849 | D:3      | Paralysed by Grinder for 4 turns
  1854 | D:3      | Killed Grinder
  1855 | D:3      | Reached skill level 10 in Ranged Weapons
  1855 | D:3      | Reached XP level 6. HP: 17/34 MP: 8/8
  2005 | D:3      | Noticed Ijyb
  2007 | D:3      | 2007 ||| FLEEEEING.
  2015 | D:3      | 2015 ||| FLEEEEING.
  2016 | D:3      | 2016 ||| FLEEEEING.
  2019 | D:3      | 2019 ||| FLEEEEING.
  2020 | D:3      | 2020 ||| FLEEEEING.
  2021 | D:3      | 2021 ||| FLEEEEING.
  2022 | D:3      | 2022 ||| FLEEEEING.
  2024 | D:3      | 2024 ||| FLEEEEING.
  2039 | D:3      | Killed from afar by Ijyb

Levels and vault maps discovered:
D:1:      evilmike_arrival_plus, layout_basic, serial_corexii_hall,
          corexii_hall_statues_i, chequers_hall_statues_y,
          minmay_misc_feat_encased, minmay_gold_behind_fungi,
          minmay_tetromino_t4
D:2:      minmay_general_purpose_star, layout_rooms,
          chequers_serial_rivers_large_a, minmay_misc_feat_cross
D:3:      layout_loops_ring, kennysheep_cross_room, roderic_batcave, uniq_ijyb,
          uniq_grinder, uniq_terence
D:4:      layout_loops_ring, grunt_temple_overflow_forces_of_nature,
          serial_shops, nicolae_shop_back_alley_shop, shop,
          nicolae_lakefront_shop, shop, shop_coins, uniq_crazy_yiuf_cottage

Skill      XL: |  1  2  3  4  5 |
---------------+----------------+-----
Ranged Weapons | 6 7 8 10 | 10.1
Fighting       | |  1.6
Dodging        | |  2.4
Stealth        | |  1.2

Action                     |  1- 3 |  4- 6 || total
---------------------------+-------+-------++-------
   Fire: Shortbow          |   134 |   110 ||   244
    Use: Scroll            |     5 |     1 ||     6
         Potion            |       |     4 ||     4
 Armour: Leather armour    |    15 |       ||    15
         Ring mail         |     1 |    24 ||    25
  Dodge: Dodged            |    16 |    35 ||    51

Table legend:
 A = Non-vault XP
 B = Vault XP
 C = Vault XP percentage of total XP
 D = Non-vault monster count
 E = Vault monster count
 F = Vault count percentage of total count
                 A         B        C        D         E       F
            +---------+---------+-------+---------+---------+-------
      Total |     223 |     277 |  55.4 |      70 |      10 |  12.5
            +---------+---------+-------+---------+---------+-------
        D:1 |      52 |       6 |  10.3 |      25 |       3 |  10.7
        D:2 |      48 |       9 |  15.8 |      25 |       6 |  19.4
        D:3 |     106 |     262 |  71.2 |      17 |       1 |   5.6
        D:4 |      17 |       0 |   0.0 |       3 |       0 |   0.0
            +---------+---------+-------+---------+---------+-------
